 Dungeon Crawl Stone Soup version 0.30.1-11-g7821555f0a (webtiles) character file.

Game seed: 6808563512246255090

8 Lutefisk the Ruffian (level 2, -3/24 HPs)
             Began as a Draconian Transmuter on Oct 29, 2023.
             Frozen to death by an endoplasm (4 damage)
             ... on level 1 of the Dungeon.
             The game lasted 00:00:50 (96 turns).

Lutefisk the Ruffian (Draconian Transmuter)           Turns: 96, Time: 00:00:51

Health: -3/24      AC:  4    Str: 12    XL:     2   Next: 0%
Magic:  5/5        EV: 12    Int: 13    God:
Gold:   10         SH:  0    Dex: 11    Spells: 4/5 levels left

rFire   . .          .
                       - Unarmed
rCold   . . .        (no shield)
rNeg    . . .        (body armour unavailable)
rPois   .            (helmet restricted)
rElec   .            (no cloak)
rCorr   .            (no gloves)
SInv    .            (no boots)
Will    .....        (no amulet)
Stlth   +            (no ring)
HPRegen 0.24/turn    (no ring)
MPRegen 0.09/turn

%: no passive effects
@: slowed, very slow
A: AC +4, unfitting armour, cold-blooded
a: no special abilities


You were on level 1 of the Dungeon.
You visited 1 branch of the dungeon, and saw 1 of its levels.

You collected 10 gold pieces.

Inventory:

Jewellery
 b - a ring of ice
Scrolls
 c - a scroll of vulnerability {unknown}
Potions
 a - a potion of lignification
 d - a potion of haste {unknown}


   Skills:
 * Level 1.8 Fighting
 - Level 1.7 Dodging
 * Level 3.3 Unarmed Combat
 - Level 2.0 Spellcasting
 - Level 2.0 Transmutations


You had 4 spell levels left.
You knew the following spells:

 Your Spells              Type           Power      Damage    Failure   Level
a - Beastly Appendage     Tmut           12%        N/A       11%         1

Your spell library contained the following spells:

 Spells                   Type           Power      Damage    Failure   Level
 Wereblood                Tmut           6%         N/A       17%         2
 Spider Form              Tmut/Pois      3%         N/A       45%         3
 Ice Form                 Ice/Tmut       3%         N/A       86%         4


Dungeon Overview and Level Annotations

Branches:
Dungeon (1/15)

Altars:


Innate Abilities, Weirdness & Mutations

Your plain brown scales are hard. (AC +4)
You cannot fit into any form of body armour.
You are cold-blooded and may be slowed by cold attacks.


Message History

The giant cockroach bites you but does no damage.
You barely miss the giant cockroach.
The giant cockroach is almost dead.
The endoplasm hits you but does no damage.
The giant cockroach barely misses you. The endoplasm misses you.
You hit the giant cockroach but do no damage.
The giant cockroach is almost dead.
You feel yourself speed up.
The giant cockroach bites you but does no damage.
The endoplasm hits you. The giant cockroach closely misses you.
You closely miss the giant cockroach.
The giant cockroach is almost dead.
The giant cockroach bites you.
The endoplasm hits you but does no damage.
You hit the giant cockroach but do no damage.
You tail-slap the giant cockroach, but do no damage.
The giant cockroach is almost dead.
The giant cockroach misses you. The endoplasm hits you.
You hit the giant cockroach.
You kill the giant cockroach!
The endoplasm closely misses you.
You have reached level 2!
You hit the endoplasm but do no damage.
The endoplasm is heavily wounded.
The endoplasm freezes you.
You are frozen.
You feel yourself slow down.
You hit the endoplasm.
The endoplasm is almost dead.
The endoplasm freezes you.
You are frozen.
* * * LOW HITPOINT WARNING * * *
You feel as though you will be slow longer.
You hit the endoplasm but do no damage.
Your tail-slap misses the endoplasm.
The endoplasm is almost dead.
The endoplasm freezes you.
You are frozen.
* * * LOW HITPOINT WARNING * * *
The endoplasm freezes you.
You are frozen.
You die...

###..############
#.........#....
#.##...........
###.#............
.................
..#.#..(.........
$.#..............
#......J.........
.....#..@†....?..
####........#....
###...........
##..........
###..#.....
#....#### ......
......


You could see an endoplasm.

Vanquished Creatures
  A giant cockroach (D:1)
  A hobgoblin (D:1)
  3 jackals (D:1)
  A ball python (D:1)
  A rat (D:1)
7 creatures vanquished.

Notes
Turn   | Place    | Note
-------+----------+-------------------------------------------
     0 | D:1      | Lutefisk the Draconian Transmuter began the quest for the
                  | Orb.
     0 | D:1      | Reached XP level 1. HP: 16/16 MP: 3/3
    94 | D:1      | Reached XP level 2. HP: 13/24 MP: 5/5
    96 | D:1      | HP: 1/24 [frozen (3)]
    96 | D:1      | Frozen to death by an endoplasm

Illustrated notes

Levels and vault maps discovered:
D:1:      dpeg_arrival_line_fractal, layout_rooms, minmay_tromino_v4_a

Action                     || total
---------------------------++-------
  Melee: Unarmed           ||    29
         Kick              ||     4
         Tailslap          ||     3
         Headbutt          ||     2
         Punch             ||     1
   Cast: Beastly Appendage ||     1
 Armour: Skin              ||     9
  Dodge: Dodged            ||    19
